 Dungeon Crawl Stone Soup version 0.30-a0-553-g7fabdf1491 (webtiles) character file.

Game seed: 5593358436474200530

15701 oldriver the Skirmisher (level 12, -5/110 HPs)
             Began as a Naga Artificer on Dec 26, 2022.
             Was an Elder of Fedhas.
             Killed by an exploding ballistomycete spore (24 damage)
             ... set off by their pet
             ... on level 3 of the Lair of Beasts.
             The game lasted 00:33:14 (15671 turns).

oldriver the Skirmisher (Naga Artificer)           Turns: 15671, Time: 00:33:14

Health: -5/110     AC: 10    Str: 16    XL:     12   Next: 29%
Magic:  11/15      EV: 11    Int: 12    God:    Fedhas [****..]
Gold:   314        SH:  0    Dex: 21    Spells: 11/11 levels left

rFire   + . .      SeeInvis +    F - +3 longbow (drain)
rCold   . . .      Faith    .    (shield currently unavailable)
rNeg    . . .      Spirit   .    s - +1 ring mail {rF+}
rPois   +          Reflect  .    k - +1 hat
rElec   .          Harm     .    n - scarf {repulsion}
rCorr   .          Rampage  .    M - +0 pair of gloves
Will    +....                    (no barding)
Stlth   +                        e - amulet of the acrobat
HPRegen 0.38/turn                B - +6 ring of dexterity
MPRegen 0.14/turn                (no ring)

@: confused, repel missiles, very slow
A: AC +4, large, see invisible, deformed body, poison resistance, slowness 2,
spit poison 1, naga tail 1
a: Spit Poison, Renounce Religion, Wall of Briars, Grow Ballistomycete, Overgrow


You were on level 3 of the Lair of Beasts.
You worshipped Fedhas.
Fedhas was greatly pleased with you.
You visited 3 branches of the dungeon, and saw 13 of its levels.
You also visited: Sewer.

You collected 557 gold pieces.
You spent 243 gold pieces at shops.

Inventory:

Hand Weapons
 m - a +2 sling of electrocution
 F - a +3 longbow of draining (weapon)
Missiles
 o - 3 curare-tipped darts
 q - 60 poisoned darts
Armour
 k - a +1 hat (worn)
 n - a scarf of repulsion (worn)
 s - a +1 ring mail of fire resistance (worn)
 v - the +1 ring mail "Naigg" {+Blink rN+++ Str-3 Int+3}
   (You found it on level 3 of the Dungeon)

   Str:       It affects your strength (-3).
   Int:       It affects your intelligence (+3).
   rN:        It renders you almost immune to negative energy.
   +Blink:    It lets you blink.
 y - a scarf of harm
 M - a +0 pair of gloves (worn)
Jewellery
 e - an amulet of the acrobat (around neck)
 B - a +6 ring of dexterity (left hand)
 I - an amulet of magic regeneration
 L - a ring of ice
Wands
 d - a wand of charming (11)
 x - a wand of polymorph (11)
 E - a wand of roots (16)
 J - a wand of paralysis (4)
 Q - a wand of digging (4)
Scrolls
 l - 3 scrolls of fog
 r - 3 scrolls of torment
 u - a scroll of magic mapping
 D - a scroll of fear
 G - 2 scrolls of poison
 K - a scroll of immolation
 N - 2 scrolls of noise
 P - 2 scrolls of identify
Potions
 b - 4 potions of magic
 f - a potion of invisibility
 g - 4 potions of degeneration
 h - 2 potions of might
 i - 4 potions of mutation
 j - 5 potions of brilliance
 p - 6 potions of curing
 t - 3 potions of flight
 w - a potion of ambrosia
 z - 2 potions of lignification
 A - 2 potions of attraction
 O - a potion of haste


   Skills:
 + Level 7.7 Fighting
 * Level 13.0 Ranged Weapons
 - Level 3.0 Throwing
 + Level 4.7 Armour
 + Level 4.6 Dodging
 - Level 9.0 Stealth
 - Level 5.0 Invocations
 - Level 3.0 Evocations


You had 11 spell levels left.
You didn't know any spells.
Your spell library contained the following spells:

 Spells                   Type           Power      Damage    Failure   Level
 Freeze                   Ice            0%         1d3       52%         1
 Magic Dart               Conj           0%         1d3       52%         1
 Searing Ray              Conj           0%         2d4       65%         2
 Static Discharge         Conj/Air       0%         2-2/arc   65%         2
 Frozen Ramparts          Ice            0%         1d1       87%         3
 Hailstorm                Conj/Ice       0%         3d3       87%         3
 Vhi's Electric Charge    Tloc/Air       0%         N/A       87%         3
 Anguish                  Hex/Necr       0%         N/A       99%         4
 Fulminant Prism          Conj/Hex       0%         3d5       99%         4
 Arcjolt                  Conj/Air       0%         1d10      100%        5
 Lightning Bolt           Conj/Air       0%         1d11      100%        5
 Enfeeble                 Hex            0%         N/A       100%        7


Dungeon Overview and Level Annotations

Branches:
Dungeon (9/15)             Temple (1/1) D:4            Lair (3/5) D:9
 Spider (0/4) Lair:2        Sewer (visited)
  Swamp: Lair:2-3    Shoals: Lair:2-3       Orc: D:9-12

Altars:
Cheibriados
Elyvilon
Fedhas
Gozag
Hepliaklqana
Kikubaaqudgha
Makhleb
Nemelex Xobeh
Okawaru
Qazlal
Ru
Sif Muna
Vehumet
Wu Jian
Xom
Yredelemnul
Zin
The Shining One

Shops:
D:1 !   D:7 **   D:8 *   D:9 (

Annotations:
Lair:1 3 runed translucent doors, liarliar's ghost, novice OpTm
Lair:2 3 runed translucent doors, Taurus's ghost, journeyman MiFi


Innate Abilities, Weirdness & Mutations

Your serpentine skin is tough. (AC +4)
You have supernaturally acute eyesight. (SInv)
Armour fits poorly on your strangely shaped body.
Your system is resistant to poisons. (rPois)
You cover ground very slowly.
You can spit poison.
You have a snake-like lower body.


Message History

The blink frog attacks as you move away!
The blink frog barely misses you.
You feel very sick.
Something hits the plant!!
The cane toad barely misses you.
Something hits the plant.
The cane toad stings you!
* * * LOW HITPOINT WARNING * * *
You are more poisoned.
The cane toad poisons you!
The blink frog hits you but does no damage.
A ballistomycete spore comes into view.
The cane toad attacks as you move away! The cane toad closely misses you.
* * * LOW HITPOINT WARNING * * *
You feel extremely sick.
A nearby plant withers and dies.
The blink frog blinks!
The cane toad barely misses your ballistomycete spore.
Your ballistomycete spore explodes!
The explosion of spores engulfs you!
You are confused.
* * * LOW HITPOINT WARNING * * *
The cane toad appears confused.
The explosion of spores engulfs the cane toad!
The cane toad is almost dead.
Fedhas protects your plant from harm.
The komodo dragon appears confused.
The explosion of spores engulfs the komodo dragon!
The komodo dragon is moderately wounded.
A ballistomycete spore comes into view.
You feel better.
The wyvern hisses menacingly.
The komodo dragon bites the cane toad!
The cane toad is killed!
Fedhas appreciates your contribution to the ecosystem.
Your ballistomycete spore explodes!
The blink frog appears confused.
The explosion of spores engulfs the blink frog!!
The blink frog is severely wounded.
The explosion of spores engulfs you!!
You are confused.
You die...
Fedhas appreciates your contribution to the ecosystem.

## ######
#P###..#.###
#.........P##
##.......F@†F##
P#.P......#*#l.#
..<.......####lF.....
#.........# .F.....
##.[....# #P#....
#.##+..## ## ... #
#..### .. ##...# .
#####.#..##


You could see a komodo dragon (confused), 4 blink frogs, a wyvern, a friendly
ballistomycete (summoned) and a friendly ballistomycete spore.

Vanquished Creatures
  Erica (D:9)
  A black mamba (Lair:1)
  An unseen horror (D:9)
  6 cane toads
  2 ice devils (Lair:2)
  3 polar bears (Lair:2)
  11 blink frogs
  3 jumping spiders (Lair:2)
  Sigmund (D:4)
  4 culicivoras (Lair:2)
  15 yaks
  2 wraiths (D:9)
  A wyvern (D:9)
  3 basilisks
  A steam dragon (D:7)
  11 water moccasins
  3 black bears
  An orc warrior (D:9)
  2 ice beasts (D:8)
  A wolf (D:9)
  3 centaurs
  A phantom (D:6)
  8 kobold brigands
  7 bullfrogs
  A necrophage (D:6)
  3 scorpions
  5 wights (D:8)
  9 killer bees (D:9)
  8 electric eels
  2 jellies
  An orc priest (D:8)
  6 hounds
  2 iguanas
  5 orc wizards
  7 gnolls
  9 adders
  4 river rats (Sewer)
  A shadow imp (D:7)
  3 white imps
  An ufetubus (D:2)
  2 worms
  3 dart slugs
  20 orcs
  2 bats (D:1)
  3 endoplasms
  4 giant cockroaches
  7 goblins
  4 hobgoblins
  26 kobolds
  4 quokkas
  11 ball pythons
  4 frilled lizards
  23 rats
272 creatures vanquished.

Vanquished Creatures (collateral kills)
  A wyvern (D:9)
  A basilisk (D:9)
  An orc priest (D:4)
  5 ballistomycete spores
8 creatures vanquished.

Vanquished Creatures (others)
  A sky beast (D:8)
  A wolf (D:9)
  A white imp (D:7)
  A ballistomycete spore (D:9)
  5 fungi
  25 plants
34 creatures vanquished.

Grand Total: 314 creatures vanquished

Notes
Turn   | Place    | Note
-------+----------+-------------------------------------------
     0 | D:1      | oldriver the Naga Artificer began the quest for the Orb.
     0 | D:1      | Reached XP level 1. HP: 18/18 MP: 1/1
   297 | D:1      | Reached XP level 2. HP: 25/25 MP: 2/2
   297 | D:1      | Found a faded altar of an unknown god.
   432 | D:1      | Found Neaczayv's Distillery.
   995 | D:2      | Reached XP level 3. HP: 32/32 MP: 3/3
  1145 | D:2      | Reached skill level 1 in Ranged Weapons
  1199 | D:2      | Reached XP level 4. HP: 17/39 MP: 4/4
  1942 | D:3      | Found a snail-covered altar of Cheibriados.
  2108 | D:3      | Identified the +1 ring mail "Naigg" {+Blink rN+++ Str-3
                  | Int+3}
  2116 | D:3      | Reached skill level 2 in Ranged Weapons
  2460 | D:4      | Found a staircase to the Ecumenical Temple.
  2483 | D:4      | Reached XP level 5. HP: 46/46 MP: 5/5
  2488 | Temple   | Entered the Ecumenical Temple
  2701 | Temple   | Became a worshipper of Fedhas Madash
  2872 | D:4      | Noticed Sigmund
  3015 | D:4      | Killed Sigmund
  3016 | D:4      | Reached skill level 3 in Ranged Weapons
  3016 | D:4      | Reached skill level 5 in Stealth
  3016 | D:4      | Reached XP level 6. HP: 56/56 MP: 6/6
  3195 | D:4      | Found a glowing silver altar of Zin.
  3458 | D:5      | Entered Level 5 of the Dungeon
  3486 | D:5      | Reached skill level 4 in Ranged Weapons
  3486 | D:5      | Reached XP level 7. HP: 63/63 MP: 7/7
  3497 | D:5      | Found a glowing drain.
  3506 | D:5      | Reached * piety under Fedhas
  3515 | Sewer    | Entered a sewer
  3669 | Sewer    | Reached skill level 5 in Ranged Weapons
  3793 | Sewer    | Reached ** piety under Fedhas
  3836 | Sewer    | Reached XP level 8. HP: 46/72 MP: 8/8
  4004 | Sewer    | Reached skill level 6 in Ranged Weapons
  4626 | D:5      | Reached skill level 1 in Dodging
  4743 | D:5      | Found a radiant altar of Vehumet.
  5075 | D:6      | Found an ornate altar of the Wu Jian Council.
  5113 | D:6      | Found a burning altar of Makhleb.
  5566 | D:6      | Reached skill level 7 in Ranged Weapons
  5769 | D:6      | Reached *** piety under Fedhas
  6436 | D:7      | Reached XP level 9. HP: 60/78 MP: 9/9
  6506 | D:7      | Found a stormy altar of Qazlal.
  6549 | D:7      | Found Siel's General Store.
  6551 | D:7      | Found Igi Rypn's Specific Store.
  6563 | D:7      | Bought 2 scrolls of blinking for 210 gold pieces
  6641 | D:7      | Found a sparkling altar of Nemelex Xobeh.
  6728 | D:7      | Reached skill level 8 in Ranged Weapons
  8201 | D:7      | Reached skill level 9 in Ranged Weapons
  8382 | D:7      | Reached skill level 1 in Throwing
  8565 | D:8      | Found a white marble altar of Elyvilon.
  9116 | D:8      | Reached skill level 5 in Fighting
  9134 | D:8      | Found an iron altar of Okawaru.
  9185 | D:8      | Reached **** piety under Fedhas
  9386 | D:8      | Found Vobifoidgh's CLEARANCE SALE!.
  9395 | D:8      | Bought a scroll of identify for 6 gold pieces
  9395 | D:8      | Bought a potion of curing for 9 gold pieces
  9395 | D:8      | Bought a scroll of teleportation for 9 gold pieces
  9395 | D:8      | Bought a potion of flight for 9 gold pieces
  9754 | D:9      | Reached skill level 10 in Ranged Weapons
  9754 | D:9      | Reached XP level 10. HP: 88/88 MP: 10/10
  9848 | D:9      | Found Sops's Weapon Shop.
  9987 | D:9      | Reached skill level 1 in Invocations
 10356 | D:9      | Found a staircase to the Lair.
 10386 | D:9      | Reached skill level 11 in Ranged Weapons
 10730 | D:9      | Noticed Erica
 10740 | D:9      | Killed Erica
 10741 | D:9      | Reached XP level 11. HP: 52/97 MP: 11/13
 11010 | D:9      | Reached skill level 12 in Ranged Weapons
 11188 | Lair:1   | Entered Level 1 of the Lair of Beasts
 11863 | Lair:1   | Found an opulent altar of Gozag.
 11940 | Lair:1   | Identified a scroll of acquirement
 11944 | Lair:1   | Acquired a +3 longbow of draining
 12852 | Lair:1   | Found a runed translucent gate.
 12861 | Lair:1   | Found a runed translucent gate.
 12862 | Lair:1   | Found a runed translucent gate.
 12864 | Lair:1   | Noticed liarliar's ghost (novice OpTm)
 12904 | Lair:1   | Noticed a seven-headed hydra
 13496 | Lair:2   | Reached XP level 12. HP: 104/109 MP: 15/15
 13601 | Lair:2   | Found a hole to the Spider Nest.
 13634 | Lair:2   | Reached skill level 5 in Invocations
 13817 | Lair:2   | Found a runed translucent gate.
 13819 | Lair:2   | Found a runed translucent gate.
 13819 | Lair:2   | Found a runed translucent gate.
 13823 | Lair:2   | Noticed Taurus's ghost (journeyman MiFi)
 13875 | Lair:2   | HP: 4/109 [ice devil (19)]
 15122 | Lair:2   | Reached skill level 13 in Ranged Weapons
 15616 | Lair:3   | Identified the +0 robe of Keskiliu {rElec Str-5 Dex+3
                  | Archmagi}
 15671 | Lair:3   | Killed by an exploding ballistomycete spore... set off by
                  | their pet

Illustrated notes

Levels and vault maps discovered:
D:1:      amcnicky_arrival_choice, layout_loops_cross, serial_shops,
          nicolae_lakefront_shop, hellmonk_ecumenical_altar_lost_god
D:2:      layout_basic
D:3:      layout_loops_ring, marbit_many_paths
D:4:      layout_basic, mainiacjoe_overflow_boulevard, temple_fountains,
          uniq_sigmund
D:5:      layout_loops_ring, nicolae_vehumet_altar_sigil, gup_sewer_entry_pipe
D:6:      layout_basic, mainiacjoe_overflow_tiny_flanked,
          pdpol_wu_jian_five_deadly_venoms
D:7:      layout_basic, grunt_qazlal_sundering, nemelex_spade_bored_becter,
          kennysheep_cross_room, nicolae_specific_store, minivault_26,
          minmay_misc_feat_hallway, serial_bayou_ford_a, minmay_quadrilaterals
D:8:      layout_loops_cross, elyvilon_altar_3, mainiacjoe_overflow_alcove_2,
          kennysheep_pointless_box, nicolae_concentric_dashed_squares_mild,
          nicolae_shop_clearance
D:9:      layout_roguey, minmay_overflow_temple_star_quad,
          minmay_lair_entry_grove, serial_shops, nicolae_shop_crystal,
          kennysheep_generic_room_4, uniq_erica
Temple:   nicolae_temple_bog_church
Lair:1:   layout_long_grid, gammafunk_ghost_split, basic_altar
Lair:2:   layout_hall_layers, nicolae_spider_entry_tight_spaces,
          gammafunk_ghost_necromancy, portal_ice_cave_demonic_guard,
          gammafunk_lair_bear_cave
Lair:3:   layout_roguey, nicolae_swamp_entry_splash_gauntlet,
          beast_lair_carwin_8, uniq_nessos

Skill      XL: |  1  2  3  4  5  6  7  8  9 10 11 12 |
---------------+-------------------------------------+-----
Stealth        | 2 3 4 5 6 7 8 9 |  9.0
Fighting       | 2 3 4 5 6 7 |  7.7
Ranged Weapons | 1 2 3 4 5 7 10 11 12 13 | 13.0
Dodging        | 2 3 4 |  4.6
Armour         | 2 3 4 |  4.7
Throwing       | 3 |  3.0
Invocations    | 3 4 5 |  5.0
Evocations     | |  3.0

Action                   |  1- 3 |  4- 6 |  7- 9 | 10-12 || total
-------------------------+-------+-------+-------+-------++-------
Melee: Club              |    34 |       |       |       ||    34
       Longbow           |       |       |       |     2 ||     2
 Fire: Sling             |    53 |   124 |   417 |   210 ||   804
       Longbow           |       |       |       |   235 ||   235
Invok: Wall of Briars    |       |       |     1 |     5 ||     6
       Grow Ballistomyce |       |       |       |     3 ||     3
 Abil: Spit Poison       |    11 |    15 |    29 |    18 ||    73
Evoke: Wand              |       |     3 |     6 |    17 ||    26
  Use: Scroll            |       |    15 |     8 |    10 ||    33
       Potion            |       |       |       |     4 ||     4
Armor: Leather armour    |    20 |       |       |       ||    20
       Ring mail         |     4 |    30 |   111 |   136 ||   281
Dodge: Dodged            |    36 |    35 |   113 |   152 ||   336
       Repelled          |       |       |     6 |       ||     6

Table legend: (Time is in decaauts)
 A = Elapsed time spent in this place.
 B = Non-inter-level travel time spent in this place.
 C = Inter-level travel time spent in this place.
 D = Time resting spent in this place.
 E = Time spent auto-exploring this place.
 F = Levels seen in this place.
 G = Mean time per level.
                   A        B        C        D        E       F      G
               +--------+--------+--------+--------+--------+-----+--------+
         Total |  19058 |  18514 |    544 |   5204 |   9698 |  14 | 1361.3 |
       Dungeon |  12643 |  12220 |    423 |   3443 |   6892 |   9 | 1404.8 |
        Temple |    393 |    363 |     30 |     76 |    211 |   1 |  393.0 |
          Lair |   4958 |   4868 |     90 |   1685 |   1853 |   3 | 1652.7 |
         Sewer |   1064 |   1064 |      0 |      0 |    742 |   1 | 1064.0 |
               +--------+--------+--------+--------+--------+-----+--------+

Top non-repeatable levels by time:
  Lair:2: 2966 daAuts
     D:7: 2681 daAuts
  Lair:1: 1869 daAuts
     D:8: 1842 daAuts
     D:9: 1628 daAuts
     D:6: 1437 daAuts
     D:1: 1226 daAuts
   Sewer: 1064 daAuts
     D:2: 1010 daAuts
     D:5: 981 daAuts
     D:4: 957 daAuts
     D:3: 876 daAuts
  Temple: 393 daAuts
  Lair:3: 122 daAuts
